 Dungeon Crawl Stone Soup version 0.22.1-1-ga44c0e5 (webtiles) character file.

9793 nicolaieve the Basher (level 11, -5/104 HPs)
             Began as a Minotaur Berserker on Sept 24, 2018.
             Was a High Priest of Trog.
             Slain by a porcupine (9 damage)
             ... on level 10 of the Dungeon.
             The game lasted 00:27:02 (6538 turns).

nicolaieve the Basher (Minotaur Berserker)          Turns: 6538, Time: 00:27:03

Health: -5/104     AC: 15    Str: 17    XL:     11   Next: 27%
Magic:  0/10       EV: 24    Int:  4    God:    Trog [*****.]
Gold:   486        SH:  8    Dex: 13    Spells: 10/10 levels left

rFire    + . .     SeeInvis .   u - +3 mace (crush)
rCold    . . .     Gourm    .   M - +0 shield
rNeg     + . .     Faith    .   y - +8 ring mail of the Falcon {+Blink Str-5 Slay+5}
rPois    .         Spirit   +   (helmet restricted)
rElec    .         Reflect  .   t - scarf {Spirit}
rCorr    .         Harm     .   (no gloves)
MR       ++...                  (no boots)
Stlth    +.........             G - amulet of the acrobat
HPRegen  1.27/turn              d - ring of protection from fire
MPRegen  0.12/turn              B - ring of positive energy

@: berserk cooldown, regenerating, slowed, very slow
A: retaliatory headbutt, horns 2
a: Berserk, Trog's Hand, Brothers in Arms, Renounce Religion, Evoke Blink


You were on level 10 of the Dungeon.
You worshipped Trog.
Trog was extremely pleased with you.
You were very hungry.

You visited 1 branch of the dungeon, and saw 10 of its levels.

You collected 486 gold pieces.

Inventory:

Hand Weapons
 u - a +3 mace of crushing (weapon)
 v - a +2 whip of flaming
 C - a +2 dire flail of draining
Missiles
 n - 174 stones (quivered)
 q - 4 throwing nets
Armour
 s - a cursed +0 cloak
 t - a scarf of spirit shield (worn)
 y - the +8 ring mail of the Falcon (worn) {+Blink Str-5 Slay+5}
   (You found it on level 5 of the Dungeon)

   It affects your strength (-5).
   It affects your accuracy and damage with ranged weapons and melee attacks
   (+5).
   It lets you blink.
 L - a +4 chain mail
 M - a +0 shield (worn)
Jewellery
 b - an uncursed ring of ice {unknown}
 d - a ring of protection from fire (left hand)
 B - a ring of positive energy (right hand)
 G - an amulet of the acrobat (around neck)
Wands
 x - a wand of polymorph (11)
 D - a wand of clouds (6)
 E - a wand of iceblast (10)
 H - a wand of scattershot (6)
Scrolls
 a - 2 scrolls of fog {unknown}
 e - 4 scrolls of magic mapping {unknown}
 f - 4 scrolls of enchant armour {unknown}
 i - 8 scrolls of identify
 j - 5 scrolls of teleportation {unknown}
 k - 3 scrolls of random uselessness {unknown}
 l - 7 scrolls of remove curse
 w - a scroll of blinking {unknown}
 z - a scroll of vulnerability {unknown}
Potions
 g - a potion of ambrosia {unknown}
 h - 4 potions of berserk rage {unknown}
 m - a potion of mutation {unknown}
 o - 7 potions of curing {unknown}
 p - 3 potions of lignification {unknown}
 A - a potion of might
 I - a potion of brilliance {unknown}
 J - a potion of invisibility {unknown}
 K - a potion of cancellation {unknown}
Comestibles
 c - 17 rations


   Skills:
 + Level 12.3 Fighting
 - Level 14.0 Maces & Flails
 + Level 10.4 Armour
 - Level 2.1 Dodging
 + Level 1.3 Shields


You had 10 spell levels left.
You didn't know any spells.
Your spell library was empty.

Dungeon Overview and Level Annotations

Branches:
Dungeon (10/15)            Temple (0/1) D:4
   Lair: D:8-11         Orc: D:9-12

Altars:
Qazlal


Innate Abilities, Weirdness & Mutations

You reflexively headbutt those who attack you in melee.
You have a pair of horns on your head.


Message History

You thump the yak! Your headbutt misses the yak.
The yak is moderately wounded.
The crocodile bites you.
* * * LOW HITPOINT WARNING * * *
The porcupine bites you.
* * * LOW HITPOINT WARNING * * *
The yak barely misses you. You furiously retaliate!
You headbutt the yak.
Unknown command.
Unknown command.
You feel a strong urge to attack something.
You are no longer berserk.
You are exhausted.
You feel yourself slow down.
The yak snorts and paws the ground.
The yak gores you!
* * * LOW HITPOINT WARNING * * *
The porcupine barely misses you. You furiously retaliate!
You headbutt the porcupine! The crocodile completely misses you.
You furiously retaliate!
You headbutt the crocodile. The porcupine bites you!
You die...

######..##.......# ..
#.......##.......#...
#.......##.......#...
#.......##...........
#####.<.##..........
#...##.......#
#...##..Y....#.P.
#...##rtr.†......
#.....@rY........
#..####.###...P.P
#..# #.# ...... #..#
#.# P.... #.. #..
P.... #.. #.# .P.P
#.. #.# .P♣. #.#


You could see 2 yaks, a crocodile and 3 porcupines.

Vanquished Creatures
  2 centaur warriors (D:8)
  A two-headed ogre (D:9)
  Pikel (D:4)
  A manticore (D:9)
  Grinder (D:6)
  2 trolls
  Sigmund (D:5)
  A spriggan (D:7)
  8 yaks
  A basilisk (D:10)
  Menkaure (D:5)
  Edmund (D:6)
  A porcupine (D:10)
  Duvessa (D:5)
  2 black bears
  2 orc warriors
  An ice beast (D:9)
  A sky beast (D:9)
  3 slaves (D:4)
  A hornet zombie (D:9)
  A phantom (D:7)
  5 ogres
  The ghost of Ghost6211 the Shield-Bearer, an amateur OpFi (D:4)
  4 centaurs
  2 crocodiles (D:10)
  2 big kobolds
  The ghost of ThePrince the Sneak, an amateur SpEn (D:3)
  3 bullfrogs
  Dowan (D:5)
  A water moccasin zombie (D:7)
  11 killer bees (D:9)
  5 scorpions
  2 crimson imps (D:8)
  A bullfrog zombie (D:6)
  A hound (D:8)
  5 jellies
  4 orc priests
  Crazy Yiuf (D:4)
  2 gnoll shamans
  2 bullfrog skeletons
  2 centaur skeletons
  An iguana (D:8)
  7 orc wizards
  6 worker ants
  2 hound skeletons
  A worker ant zombie (D:9)
  16 gnolls
  A howler monkey skeleton (D:7)
  13 adders
  A river rat (D:3)
  3 oozes
  An adder zombie (D:9)
  2 worms
  5 dart slugs
  7 leopard geckos
  34 orcs
  7 bats
  14 giant cockroaches
  5 goblins
  15 hobgoblins
  6 jackals
  10 kobolds
  5 quokkas
  2 ball pythons
  6 frilled lizards
  A leopard gecko skeleton (D:4)
  A quokka skeleton (D:8)
  4 rats
266 creatures vanquished.

Notes
Turn   | Place    | Note
-------+----------+-------------------------------------------
     0 | D:1      | nicolaieve the Minotaur Berserker began the quest for the
                  | Orb.
     0 | D:1      | Reached XP level 1. HP: 19/19 MP: 0/0
    21 | D:1      | Reached skill level 4 in Maces & Flails
    50 | D:1      | Reached XP level 2. HP: 18/26 MP: 1/1
   297 | D:1      | Reached skill level 5 in Maces & Flails
   368 | D:1      | Reached XP level 3. HP: 7/31 MP: 2/2
   485 | D:1      | Reached ** piety under Trog
   862 | D:2      | Reached skill level 6 in Maces & Flails
   862 | D:2      | Reached XP level 4. HP: 39/39 MP: 3/3
  1084 | D:2      | Found a faded altar of an unknown god.
  1192 | D:2      | Found a stormy altar of Qazlal.
  1533 | D:3      | Reached *** piety under Trog
  1579 | D:3      | Found a runed door.
  1661 | D:3      | Found a runed door.
  1662 | D:3      | Noticed ThePrince's ghost (amateur SpEn)
  1943 | D:3      | Killed ThePrince's ghost
  1943 | D:3      | Reached skill level 7 in Maces & Flails
  1943 | D:3      | Reached XP level 5. HP: 45/45 MP: 4/4
  2128 | D:4      | Found a large runed door.
  2134 | D:4      | Found a staircase to the Ecumenical Temple.
  2141 | D:4      | Reached skill level 8 in Maces & Flails
  2155 | D:4      | Reached XP level 6. HP: 47/51 MP: 5/5
  2166 | D:4      | Found a large runed door.
  2429 | D:4      | Noticed a slave
  2430 | D:4      | Noticed Pikel
  2430 | D:4      | Noticed a slave
  2431 | D:4      | Noticed a slave
  2431 | D:4      | Noticed a slave
  2445 | D:4      | Killed Pikel
  2445 | D:4      | Reached skill level 10 in Maces & Flails
  2445 | D:4      | Reached XP level 7. HP: 43/57 MP: 1/6
  2598 | D:4      | Found a runed door.
  2618 | D:4      | Reached skill level 11 in Maces & Flails
  2907 | D:4      | Noticed Ghost6211's ghost (amateur OpFi)
  2918 | D:4      | Killed Ghost6211's ghost
  2918 | D:4      | Reached XP level 8. HP: 64/64 MP: 7/7
  2974 | D:4      | Noticed Crazy Yiuf
  2977 | D:4      | Killed Crazy Yiuf
  2977 | D:4      | Reached **** piety under Trog
  3011 | D:5      | Entered Level 5 of the Dungeon
  3061 | D:5      | Noticed Duvessa
  3073 | D:5      | Killed Duvessa
  3073 | D:5      | Noticed Dowan
  3079 | D:5      | Killed Dowan
  3079 | D:5      | Reached skill level 12 in Maces & Flails
  3118 | D:5      | Noticed Sigmund
  3125 | D:5      | Killed Sigmund
  3190 | D:5      | Noticed Menkaure
  3196 | D:5      | Killed Menkaure
  3196 | D:5      | Reached skill level 13 in Maces & Flails
  3370 | D:5      | Got a warped ring mail
  3381 | D:5      | Identified the +8 ring mail of the Falcon {+Blink Str-5
                  | Slay+5} (You found it on level 5 of the Dungeon)
  3672 | D:5      | Reached XP level 9. HP: 71/71 MP: 8/8
  3868 | D:6      | Noticed Grinder
  3876 | D:6      | Paralysed by Grinder for 4 turns
  3883 | D:6      | Killed Grinder
  3935 | D:6      | Reached skill level 14 in Maces & Flails
  3958 | D:6      | Reached skill level 5 in Fighting
  4114 | D:6      | Noticed Edmund
  4118 | D:6      | Reached skill level 5 in Armour
  4123 | D:6      | Killed Edmund
  4128 | D:6      | Reached ***** piety under Trog
  5270 | D:8      | Reached XP level 10. HP: 86/86 MP: 9/9
  5358 | D:8      | Noticed a centaur warrior
  5405 | D:8      | Noticed a centaur warrior
  5414 | D:8      | Killed a centaur warrior
  5420 | D:8      | Killed a centaur warrior
  5714 | D:9      | Reached skill level 10 in Fighting
  5810 | D:9      | Noticed a two-headed ogre
  5818 | D:9      | Killed a two-headed ogre
  5915 | D:9      | Reached skill level 10 in Armour
  5917 | D:9      | Reached XP level 11. HP: 72/102 MP: 7/10
  6497 | D:10     | Entered Level 10 of the Dungeon
  6524 | D:10     | Reached skill level 1 in Shields
  6537 | D:10     | HP: 2/104 [yak (9)]
  6538 | D:10     | Slain by a porcupine

Skill      XL: |  1  2  3  4  5  6  7  8  9 10 11 |
---------------+----------------------------------+-----
Maces & Flails | 4 5 6 7 8 10 11 13 14 | 14.0
Armour         | 3 7 10 | 10.4
Fighting       | 4 7 11 12 | 12.3
Shields        | 1 |  1.3
Dodging        | |  2.1

Action                   |  1- 3 |  4- 6 |  7- 9 | 10-12 || total
-------------------------+-------+-------+-------+-------++-------
Melee: Mace              |    65 |    63 |    30 |    63 ||   221
       Headbutt          |     9 |    34 |    47 |    32 ||   122
       Whip              |       |   104 |   131 |       ||   235
       Dire flail        |       |       |    65 |   112 ||   177
Invok: Berserk           |     3 |     3 |     3 |     2 ||    11
       Trog's Hand       |       |     1 |     1 |     2 ||     4
  Use: Scroll            |       |       |       |     2 ||     2
  Eat: Chunk             |     2 |     8 |    13 |     6 ||    29
Armor: Animal skin       |     8 |       |       |       ||     8
       Ring mail         |    13 |    15 |    38 |    94 ||   160
       Chain mail        |       |    57 |    22 |       ||    79
Dodge: Dodged            |    51 |    88 |    92 |   100 ||   331
Block: Shield            |       |       |       |    25 ||    25
